Rangers vs Senators

Created - 2 janvier 2024 at 17:04

Goals
1 2 3 OT1 T
Rangers 1 1 0 1 3
Senators 0 1 1 0 2
Shots
1 2 3 OT1 T
Rangers 6 13 9 1 29
Senators 10 12 12 0 34

GoalsPenalties
1st period
1. Rangers , Sebastian Aho 18 (Nick Seeler 9, Nick Holden 8) at 19:19
Connor Clifton (OTT) for Fighting (Major) at 15:53
Joel Eriksson Ek (NYR) for Fighting (Major) at 15:53
2nd period
2. Rangers , Joel Eriksson Ek 12 (Jack Hughes 24, Jake Guentzel 19) at 2:03
3. Senators , Andrew Copp 12 (Sam Bennett 18, Connor Clifton 6) at 4:25
Alexander Romanov (OTT) for Fighting (Major) at 1:47
Adam Pelech (NYR) for Fighting (Major) at 1:47
Joel Eriksson Ek (NYR) for Holding (Minor) at 14:11
Travis Konecny (OTT) for Holding (Minor) at 18:15
3rd period
4. Senators , Travis Konecny 26 (John Klingberg 15) at 14:44
Nikita Zadorov (OTT) for Delaying the game (Minor) at 0:38
Gabriel Landeskog (OTT) for Fighting (Major) at 16:03
Jack Hughes (NYR) for Fighting (Major) at 16:03
Overtime #1
5. Rangers , Sebastian Aho 19 (Jack Hughes 25, Joel Eriksson Ek 16) at 1:50
No Penalty
Goalie Stats
Alexandar Georgiev (NYR), 32 saves from 34 shots - (0,941), W, 14-18-4, 61:50 minutes
Juuse Saros (OTT), 26 saves from 29 shots - (0,897), OTL, 19-13-5, 61:50 minutes
3 StarsOfficial
1 - Sebastian Aho (NYR)
2 - Alexandar Georgiev (NYR)
3 - Andrew Copp (OTT)
Referees : Chris Schlenker and Garrett Rank
Linesman : Erica Holmes and Kory Nagy
Game Note
Connor Clifton and Joel Eriksson Ek fight to a draw at 15:53 of 1st period
Alexander Romanov and Adam Pelech fight to a draw at 1:47 of 2nd period
Gabriel Landeskog beats up Jack Hughes at 16:03 of 3rd period
Finance
Level 1 -- Attendance: 5708 (93%) -- Ticket Income $525,136
Level 2 -- Attendance: 4494 (86%) -- Ticket Income $238,182
Level 3 -- Attendance: 3378 (89%) -- Ticket Income $94,584
Level 4 -- Attendance: 4300 (100%) -- Ticket Income $64,500
Luxury Box -- Attendance: 976 (93%) -- Ticket Income $185,440
Game was played at the Scotia Bank Place.
Total Attendance: 18856 (92%)
Total Ticket Income: $1,107,842
Other Income: $332,353
Total Income: $1,440,195



Team Name Goals Shots Shots Attemp Shots Blocked PIM HIT PP PK FO%
Rangers 329651217180 / 2 (0%)045%
Senators 234711419210 / 1 (0%)055%

Rangers
Player Name POS G A P +/- PIM HIT SHT SB MP PP MP PP SHT PK MP PK SHT FO% FOT GA TA
Adam PelechD0001520119:470:3301:2100% 001
Anton LundellC/LW0000022013:340:0001:0800% 020
Blake WheelerC/RW0000021013:190:5300:0000% 100
Carl GrundstromLW/RW0001010117:190:0000:2400% 200
Christian DvorakC/LW0000000014:260:0001:09043% 700
Evgeny KuznetsovC0001001218:200:5300:47057% 1410
Filip HronekD000-1000122:273:2500:0000% 001
Jack HughesC/LW0220514016:000:5300:0000% 120
Jake GuentzelLW/RW011-1015020:543:0500:0000% 201
Joel Eriksson EkC112-1711120:083:0500:00055% 2900
Kasperi KapanenLW/RW0000002011:380:0000:0000% 300
Kevin ShattenkirkD000-1002123:083:2510:0000% 002
Martin FehervaryD0001020120:290:3300:3800% 002
Michael PezzettaC/LW000000008:110:0000:0000% 100
Morgan BarronC/LW/RW000001108:110:0000:00033% 311
Nick HoldenD0111001018:400:0000:3800% 000
Nick SeelerD0110010317:180:0001:2100% 004
Sebastian AhoC/LW2022049119:403:0510:30050% 211
Senators
Player Name POS G A P +/- PIM HIT SHT SB MP PP MP PP SHT PK MP PK SHT FO% FOT GA TA
Alexander RomanovD0001502121:521:2403:2000% 000
Andrew CoppC/LW/RW1010033017:031:1201:1300% 000
Anthony ManthaLW/RW000-1003013:220:4700:3700% 000
Connor CliftonD0110511019:590:3500:3800% 000
Craig SmithC/RW000001109:540:0000:000100% 100
Dakota JoshuaLW0000012110:320:0000:360100% 110
Derek RyanC/RW0000011010:530:0001:130100% 410
Ethan BearD0001010119:480:0002:3700% 002
Gabriel LandeskogC/LW0000501010:030:0000:0000% 000
John KlingbergD0111013319:520:3500:0000% 010
Nikita ZadorovD000-3221225:121:2401:2100% 011
Pavel ZachaC/LW/RW0000000220:421:1200:00055% 2000
Pierre EngvallLW/RW0000021014:420:0000:0000% 110
Sam BennettC011-1014014:400:4700:00044% 1810
Scott LaughtonC/LW0000032223:040:4702:0910% 020
Teddy BluegerC/LW0000012013:310:0002:08056% 1801
Travis KonecnyLW/RW1010236121:241:1210:00050% 250
Tyler WotherspoonD000-1001115:020:0000:0000% 003

Rangers

5 vs 5 Forward
Line #Left WingCenterRight WingPHYDFOFWanted %Time %Time Play
1Jack HughesJoel Eriksson EkJake Guentzel0233834%18:33
2Sebastian AhoEvgeny KuznetsovCarl Grundstrom1223828%15:14
3Anton LundellChristian DvorakBlake Wheeler1311922%12:05
4Michael PezzettaMorgan BarronKasperi Kapanen131515%8:11
5 vs 5 Defense
Line #DefenseDefensePHYDFOFWanted %Time %Time Play
1Filip HronekKevin Shattenkirk1223837%20:03
2Adam PelechMartin Fehervary1223736%19:18
3Nick SeelerNick Holden1312026%13:47
4Adam PelechKevin Shattenkirk13152%0:55
Power Play Forward
Line #Left WingCenterRight WingPHYDFOFWanted %Time %Time Play
1Sebastian AhoJoel Eriksson EkJake Guentzel0145578%3:05
2Jack HughesEvgeny KuznetsovBlake Wheeler0234522%0:53
Power Play Defense
Line #DefenseDefensePHYDFOFWanted %Time %Time Play
1Filip HronekKevin Shattenkirk1226086%3:25
2Martin FehervaryAdam Pelech1224014%0:33
Penalty Kill 4 Players Forward
Line #CenterWingPHYDFOFWanted %Time %Time Play
1Joel Eriksson EkAnton Lundell12260100%1:59
2Sebastian AhoChristian Dvorak122400%0:00
Penalty Kill 4 Players Defense
Line #DefenseDefensePHYDFOFWanted %Time %Time Play
1Nick SeelerAdam Pelech1226068%1:21
2Martin FehervaryNick Holden1224032%0:38
Penalty Kill 3 Players
Line #WingPHYDFOFWanted %Time %Time PlayDefenseDefensePHYDFOFWanted %Time %Time Play
1Joel Eriksson Ek131600%0:00 Adam PelechMartin Fehervary131600%0:00
2Anton Lundell131400%0:00 Kevin ShattenkirkNick Holden131400%0:00
4 vs 4 Forward
Line #CenterWingPHYDFOFWanted %Time %Time Play
1Sebastian AhoJack Hughes122600%0:00
2Joel Eriksson EkKasperi Kapanen122400%0:00
4 vs 4 Defense
Line #DefensePHYDFOFWanted %Time %Time Play
1Nick HoldenKevin Shattenkirk122600%0:00
2Filip HronekNick Seeler122400%0:00
Last Minutes Offensive
Left WingCenterRight WingDefenseDefense
Jack HughesSebastian AhoJake GuentzelKevin ShattenkirkFilip Hronek
Last Minutes Defensive
Left WingCenterRight WingDefenseDefense
Anton LundellJoel Eriksson EkMorgan BarronNick HoldenAdam Pelech
Time
Total ForwardTotal DefenseLast Minutes OffensiveLast Minutes Defensive
60:00 60:00 0:000:00
Extra Forwards
Normal PowerPlayPenalty Kill
Kasperi Kapanen, Anton Lundell, Carl GrundstromChristian Dvorak, Anton LundellChristian Dvorak
Extra Defensemen
Normal PowerPlayPenalty Kill
Nick Holden, Martin Fehervary, Nick SeelerMartin Fehervary, Nick SeelerFilip Hronek
Penalty Shots
Sebastian Aho, Jake Guentzel, Jack Hughes, Joel Eriksson Ek, Blake Wheeler
Goalie
Alexandar Georgiev, Karel Vejmelka
Scratches
None

Senators

5 vs 5 Forward
Line #Left WingCenterRight WingPHYDFOFWanted %Time %Time Play
1Scott LaughtonPavel ZachaTravis Konecny1224037%19:46
2Andrew CoppSam BennettPierre Engvall1223027%14:28
3Gabriel LandeskogTeddy BluegerAnthony Mantha1222021%11:14
4Dakota JoshuaDerek RyanCraig Smith1221016%8:35
5 vs 5 Defense
Line #DefenseDefensePHYDFOFWanted %Time %Time Play
1Alexander RomanovJohn Klingberg1224038%20:26
2Nikita ZadorovConnor Clifton1223025%13:38
3Connor CliftonEthan Bear1222023%12:21
4Nikita ZadorovTyler Wotherspoon1221014%7:38
Power Play Forward
Line #Left WingCenterRight WingPHYDFOFWanted %Time %Time Play
1Travis KonecnyPavel ZachaAndrew Copp1226061%1:12
2Scott LaughtonSam BennettAnthony Mantha1224039%0:47
Power Play Defense
Line #DefenseDefensePHYDFOFWanted %Time %Time Play
1Nikita ZadorovAlexander Romanov1226071%1:24
2Connor CliftonJohn Klingberg1224029%0:35
Penalty Kill 4 Players Forward
Line #CenterWingPHYDFOFWanted %Time %Time Play
1Teddy BluegerScott Laughton1226069%2:45
2Derek RyanAndrew Copp1224031%1:13
Penalty Kill 4 Players Defense
Line #DefenseDefensePHYDFOFWanted %Time %Time Play
1Nikita ZadorovAlexander Romanov1226084%3:20
2Connor CliftonEthan Bear1224016%0:38
Penalty Kill 3 Players
Line #WingPHYDFOFWanted %Time %Time PlayDefenseDefensePHYDFOFWanted %Time %Time Play
1Andrew Copp122600%0:00 Nikita ZadorovAlexander Romanov122600%0:00
2Scott Laughton122400%0:00 Connor CliftonEthan Bear122400%0:00
4 vs 4 Forward
Line #CenterWingPHYDFOFWanted %Time %Time Play
1Pavel ZachaTravis Konecny122600%0:00
2Sam BennettScott Laughton122400%0:00
4 vs 4 Defense
Line #DefensePHYDFOFWanted %Time %Time Play
1Nikita ZadorovAlexander Romanov122600%0:00
2Connor CliftonJohn Klingberg122400%0:00
Last Minutes Offensive
Left WingCenterRight WingDefenseDefense
Travis KonecnyPavel ZachaAndrew CoppNikita ZadorovJohn Klingberg
Last Minutes Defensive
Left WingCenterRight WingDefenseDefense
Scott LaughtonTeddy BluegerAndrew CoppNikita ZadorovAlexander Romanov
Time
Total ForwardTotal DefenseLast Minutes OffensiveLast Minutes Defensive
60:00 60:00 0:000:00
Extra Forwards
Normal PowerPlayPenalty Kill
Pierre Engvall, Teddy Blueger, Anthony ManthaPierre Engvall, Teddy BluegerAnthony Mantha
Extra Defensemen
Normal PowerPlayPenalty Kill
Nikita Zadorov, Ethan Bear, Connor CliftonJohn Klingberg, Ethan BearNikita Zadorov
Penalty Shots
Travis Konecny, Scott Laughton, Pavel Zacha, Sam Bennett, Andrew Copp
Goalie
Juuse Saros, Eric Comrie
Scratches
Dante Fabbro (Healthy), Nathan Bastian (Healthy), Pierre-Olivier Joseph (Bruised Left Shoulder Injury)


Play-by-Play

1st period


0:01 of 1st period - Travis Konecny wins face-off versus Joel Eriksson Ek in neutral zone.
0:53 of 1st period - Andrew Copp is hit by Sebastian Aho and loses puck.
1:35 of 1st period - Off-side.
1:36 of 1st period - Derek Ryan wins face-off versus Morgan Barron in neutral zone.
1:43 of 1st period - Slapshot by Kasperi Kapanen.
1:43 of 1st period - Shot Misses the Net.
2:31 of 1st period - Wrist shot by Derek Ryan.
2:31 of 1st period - Shot Misses the Net.
2:59 of 1st period - Christian Dvorak is hit by Ethan Bear and loses puck.
3:14 of 1st period - Pavel Zacha is hit by Blake Wheeler.
3:51 of 1st period - Wrist shot by Blake Wheeler.
3:51 of 1st period - Shot Misses the Net.
3:53 of 1st period - Snap shot by Anton Lundell.
3:53 of 1st period - Stopped by Juuse Saros with a rebound.
4:29 of 1st period - Wrist shot by Anton Lundell.
4:29 of 1st period - Shot Misses the Net.
4:31 of 1st period - Slapshot by Blake Wheeler.
4:31 of 1st period - Shot Hit the Post.
4:33 of 1st period - Slapshot by Nick Seeler.
4:33 of 1st period - Shot Misses the Net.
5:38 of 1st period - Tyler Wotherspoon is hit by Anton Lundell and loses puck.
7:05 of 1st period - Slapshot by Travis Konecny.
7:05 of 1st period - Stopped by Alexandar Georgiev with a rebound.
7:21 of 1st period - Snap shot by Anton Lundell.
7:21 of 1st period - Shot Blocked by Tyler Wotherspoon.
7:23 of 1st period - Slapshot by Nick Holden.
7:23 of 1st period - Stopped by Juuse Saros without a rebound.
7:24 of 1st period - Sam Bennett wins face-off versus Evgeny Kuznetsov in Senators zone.
7:24 of 1st period - Sam Bennett is hit by Sebastian Aho.
7:30 of 1st period - Snap shot by Sam Bennett.
7:30 of 1st period - Stopped by Alexandar Georgiev without a rebound.
7:31 of 1st period - Sam Bennett wins face-off versus Evgeny Kuznetsov in Rangers zone.
7:40 of 1st period - Wrist shot by Sam Bennett.
7:40 of 1st period - Shot Misses the Net.
7:42 of 1st period - Slapshot by Alexander Romanov.
7:42 of 1st period - Shot Blocked by Kevin Shattenkirk.
7:44 of 1st period - Slapshot by Alexander Romanov.
7:44 of 1st period - Shot Blocked by Carl Grundstrom.
7:46 of 1st period - Wrist shot by Sam Bennett.
7:46 of 1st period - Shot Misses the Net.
7:48 of 1st period - Backhand shot by Alexander Romanov.
7:48 of 1st period - Stopped by Alexandar Georgiev with a rebound.
7:50 of 1st period - Backhand shot by Andrew Copp.
7:50 of 1st period - Shot Blocked by Evgeny Kuznetsov.
7:52 of 1st period - Wrist shot by Andrew Copp.
7:52 of 1st period - Shot Misses the Net.
7:54 of 1st period - Snap shot by John Klingberg.
7:54 of 1st period - Deflect By Sebastian Aho.
7:54 of 1st period - Stopped by Alexandar Georgiev with a rebound.
8:25 of 1st period - Wrist shot by Sam Bennett.
8:25 of 1st period - Stopped by Alexandar Georgiev without a rebound.
8:26 of 1st period - Teddy Blueger wins face-off versus Joel Eriksson Ek in Rangers zone.
8:33 of 1st period - Snap shot by Gabriel Landeskog.
8:33 of 1st period - Shot Misses the Net.
9:05 of 1st period - Snap shot by Dakota Joshua.
9:05 of 1st period - Shot Misses the Net.
9:07 of 1st period - Snap shot by Derek Ryan.
9:07 of 1st period - Deflect By Craig Smith.
9:07 of 1st period - Shot Misses the Net.
9:07 of 1st period - Puck is out of play.
9:08 of 1st period - Joel Eriksson Ek wins face-off versus Teddy Blueger in Rangers zone.
9:21 of 1st period - Snap shot by Jack Hughes.
9:21 of 1st period - Stopped by Juuse Saros with a rebound.
9:26 of 1st period - Icing by Gabriel Landeskog.
9:27 of 1st period - Evgeny Kuznetsov wins face-off versus Teddy Blueger in Senators zone.
9:28 of 1st period - Snap shot by Sebastian Aho.
9:28 of 1st period - Deflect By Evgeny Kuznetsov.
9:28 of 1st period - Shot Blocked by Alexander Romanov.
9:28 of 1st period - Puck is out of play.
9:29 of 1st period - Sebastian Aho wins face-off versus Sam Bennett in Senators zone.
10:53 of 1st period - Alexander Romanov is hit by Jake Guentzel and loses puck.
11:22 of 1st period - Martin Fehervary is hit by Andrew Copp and loses puck.
11:35 of 1st period - Nikita Zadorov is hit by Jack Hughes and loses puck.
11:50 of 1st period - Michael Pezzetta is hit by Dakota Joshua and loses puck.
12:34 of 1st period - Derek Ryan is hit by Joel Eriksson Ek and loses puck.
13:19 of 1st period - Icing by Nick Seeler.
13:20 of 1st period - Derek Ryan wins face-off versus Jack Hughes in Rangers zone.
13:41 of 1st period - Snap shot by Evgeny Kuznetsov.
13:41 of 1st period - Shot Misses the Net.
13:53 of 1st period - Pierre Engvall is hit by Morgan Barron and loses puck.
14:06 of 1st period - Snap shot by Morgan Barron.
14:06 of 1st period - Stopped by Juuse Saros with a rebound.
14:20 of 1st period - Craig Smith is hit by Carl Grundstrom and loses puck.
14:37 of 1st period - Jack Hughes is hit by Travis Konecny and loses puck.
15:16 of 1st period - Snap shot by Craig Smith.
15:16 of 1st period - Deflect By Dakota Joshua.
15:16 of 1st period - Stopped by Alexandar Georgiev without a rebound.
15:17 of 1st period - Derek Ryan wins face-off versus Joel Eriksson Ek in Rangers zone.
15:18 of 1st period - Snap shot by Craig Smith.
15:18 of 1st period - Deflect By Derek Ryan.
15:18 of 1st period - Stopped by Alexandar Georgiev without a rebound.
15:19 of 1st period - Joel Eriksson Ek wins face-off versus Sam Bennett in Rangers zone.
15:40 of 1st period - Icing by Joel Eriksson Ek.
15:41 of 1st period - Joel Eriksson Ek wins face-off versus Pavel Zacha in Rangers zone.
15:53 of 1st period - Connor Clifton and Joel Eriksson Ek fight to a draw.
15:53 of 1st period - Penalty to Connor Clifton for Fighting.
15:53 of 1st period - Penalty to Joel Eriksson Ek for Fighting.
15:54 of 1st period - Evgeny Kuznetsov wins face-off versus Sam Bennett in Senators zone.
15:55 of 1st period - Wrist shot by Sebastian Aho.
15:55 of 1st period - Stopped by Juuse Saros without a rebound.
15:56 of 1st period - Sam Bennett wins face-off versus Carl Grundstrom in Senators zone.
16:38 of 1st period - Slapshot by Alexander Romanov.
16:38 of 1st period - Deflect By Jack Hughes.
16:38 of 1st period - Stopped by Alexandar Georgiev without a rebound.
16:39 of 1st period - Pavel Zacha wins face-off versus Evgeny Kuznetsov in Rangers zone.
16:56 of 1st period - Snap shot by Travis Konecny.
16:56 of 1st period - Stopped by Alexandar Georgiev without a rebound.
16:57 of 1st period - Teddy Blueger wins face-off versus Kasperi Kapanen in Rangers zone.
17:27 of 1st period - Snap shot by Travis Konecny.
17:27 of 1st period - Stopped by Alexandar Georgiev without a rebound.
17:28 of 1st period - Pavel Zacha wins face-off versus Evgeny Kuznetsov in Rangers zone.
18:20 of 1st period - Nick Seeler is hit by Travis Konecny and loses puck.
19:09 of 1st period - Snap shot by Sebastian Aho.
19:09 of 1st period - Shot Blocked by Nikita Zadorov.
19:13 of 1st period - Slapshot by Carl Grundstrom.
19:13 of 1st period - Shot Misses the Net.
19:15 of 1st period - Wrist shot by Evgeny Kuznetsov.
19:15 of 1st period - Shot Blocked by Scott Laughton.
19:17 of 1st period - Slapshot by Nick Holden.
19:17 of 1st period - Shot Blocked by Travis Konecny.
19:19 of 1st period - Snap shot by Nick Seeler.
19:19 of 1st period - Deflect By Sebastian Aho.
19:19 of 1st period - Goal by Sebastian Aho - Rangers : 1 - Senators : 0.
19:20 of 1st period - Sam Bennett wins face-off versus Kasperi Kapanen in neutral zone.
19:39 of 1st period - Andrew Copp is hit by Martin Fehervary and loses puck.
19:52 of 1st period - Snap shot by Jack Hughes.
19:52 of 1st period - Shot Misses the Net.
Goals for this period are 1 for Rangers vs 0 for Senators.
Shots for this period are 6 for Rangers vs 10 for Senators.

2nd period


0:01 of 2nd period - Sam Bennett wins face-off versus Kasperi Kapanen in neutral zone.
0:27 of 2nd period - Sebastian Aho is hit by Nikita Zadorov.
0:53 of 2nd period - Alexander Romanov is hit by Anton Lundell and loses puck.
1:36 of 2nd period - Snap shot by Kasperi Kapanen.
1:36 of 2nd period - Shot Misses the Net.
1:46 of 2nd period - Slapshot by Kasperi Kapanen.
1:46 of 2nd period - Stopped by Juuse Saros without a rebound.
1:47 of 2nd period - Evgeny Kuznetsov wins face-off versus Teddy Blueger in Senators zone.
1:47 of 2nd period - Alexander Romanov and Adam Pelech fight to a draw.
1:47 of 2nd period - Penalty to Alexander Romanov for Fighting.
1:47 of 2nd period - Penalty to Adam Pelech for Fighting.
1:48 of 2nd period - Joel Eriksson Ek wins face-off versus Sam Bennett in Senators zone.
2:01 of 2nd period - Wrist shot by Jack Hughes.
2:01 of 2nd period - Stopped by Juuse Saros with a rebound.
2:03 of 2nd period - Snap shot by Joel Eriksson Ek.
2:03 of 2nd period - Goal by Joel Eriksson Ek - Rangers : 2 - Senators : 0.
2:04 of 2nd period - Joel Eriksson Ek wins face-off versus Sam Bennett in neutral zone.
2:12 of 2nd period - Nick Holden is hit by Pierre Engvall and loses puck.
2:30 of 2nd period - Gabriel Landeskog is hit by Martin Fehervary and loses puck.
2:41 of 2nd period - Slapshot by John Klingberg.
2:41 of 2nd period - Stopped by Alexandar Georgiev without a rebound.
2:42 of 2nd period - Joel Eriksson Ek wins face-off versus Pavel Zacha in Rangers zone.
3:43 of 2nd period - Snap shot by Anton Lundell.
3:43 of 2nd period - Stopped by Juuse Saros with a rebound.
3:45 of 2nd period - Slapshot by Martin Fehervary.
3:45 of 2nd period - Deflect By Blake Wheeler.
3:45 of 2nd period - Stopped by Juuse Saros with a rebound.
3:47 of 2nd period - Backhand shot by Nick Holden.
3:47 of 2nd period - Shot Misses the Net.
4:21 of 2nd period - Slapshot by Connor Clifton.
4:21 of 2nd period - Shot Misses the Net.
4:23 of 2nd period - Snap shot by Sam Bennett.
4:23 of 2nd period - Shot Misses the Net.
4:25 of 2nd period - Wrist shot by Andrew Copp.
4:25 of 2nd period - Goal by Andrew Copp - Rangers : 2 - Senators : 1.
4:26 of 2nd period - Sam Bennett wins face-off versus Joel Eriksson Ek in neutral zone.
4:39 of 2nd period - Joel Eriksson Ek is hit by Andrew Copp and loses puck.
5:26 of 2nd period - Wrist shot by Sebastian Aho.
5:26 of 2nd period - Shot Blocked by John Klingberg.
5:28 of 2nd period - Slapshot by Nick Holden.
5:28 of 2nd period - Shot Blocked by John Klingberg.
5:30 of 2nd period - Snap shot by Sebastian Aho.
5:30 of 2nd period - Stopped by Juuse Saros with a rebound.
5:32 of 2nd period - Snap shot by Sebastian Aho.
5:32 of 2nd period - Deflect By Dakota Joshua.
5:32 of 2nd period - Shot Misses the Net.
5:32 of 2nd period - Puck is out of play.
5:33 of 2nd period - Sam Bennett wins face-off versus Joel Eriksson Ek in Senators zone.
5:42 of 2nd period - Snap shot by Sam Bennett.
5:42 of 2nd period - Deflect By Andrew Copp.
5:42 of 2nd period - Stopped by Alexandar Georgiev without a rebound.
5:43 of 2nd period - Joel Eriksson Ek wins face-off versus Sam Bennett in Rangers zone.
6:00 of 2nd period - Snap shot by Jake Guentzel.
6:00 of 2nd period - Stopped by Juuse Saros without a rebound.
6:01 of 2nd period - Pavel Zacha wins face-off versus Evgeny Kuznetsov in Senators zone.
6:43 of 2nd period - Martin Fehervary is hit by John Klingberg and loses puck.
7:26 of 2nd period - Kasperi Kapanen is hit by Derek Ryan and loses puck.
7:45 of 2nd period - Snap shot by Sebastian Aho.
7:45 of 2nd period - Stopped by Juuse Saros without a rebound.
7:46 of 2nd period - Joel Eriksson Ek wins face-off versus Teddy Blueger in Senators zone.
7:47 of 2nd period - Wrist shot by Jake Guentzel.
7:47 of 2nd period - Stopped by Juuse Saros with a rebound.
8:25 of 2nd period - Snap shot by Evgeny Kuznetsov.
8:25 of 2nd period - Shot Misses the Net.
10:07 of 2nd period - Wrist shot by Andrew Copp.
10:07 of 2nd period - Shot Misses the Net.
10:09 of 2nd period - Slapshot by John Klingberg.
10:09 of 2nd period - Stopped by Alexandar Georgiev with a rebound.
10:17 of 2nd period - Backhand shot by Sam Bennett.
10:17 of 2nd period - Shot Misses the Net.
10:19 of 2nd period - Slapshot by Connor Clifton.
10:19 of 2nd period - Stopped by Alexandar Georgiev with a rebound.
10:30 of 2nd period - Off-side.
10:31 of 2nd period - Derek Ryan wins face-off versus Michael Pezzetta in neutral zone.
11:11 of 2nd period - Snap shot by Craig Smith.
11:11 of 2nd period - Shot Misses the Net.
11:13 of 2nd period - Wrist shot by Craig Smith.
11:13 of 2nd period - Shot Blocked by Martin Fehervary.
11:15 of 2nd period - Snap shot by Dakota Joshua.
11:15 of 2nd period - Stopped by Alexandar Georgiev without a rebound.
11:16 of 2nd period - Pavel Zacha wins face-off versus Joel Eriksson Ek in Rangers zone.
11:17 of 2nd period - Slapshot by Travis Konecny.
11:17 of 2nd period - Shot Blocked by Filip Hronek.
11:23 of 2nd period - Slapshot by Filip Hronek.
11:23 of 2nd period - Shot Blocked by Scott Laughton.
11:25 of 2nd period - Slapshot by Jack Hughes.
11:25 of 2nd period - Stopped by Juuse Saros without a rebound.
11:26 of 2nd period - Joel Eriksson Ek wins face-off versus Pavel Zacha in Senators zone.
11:29 of 2nd period - Wrist shot by Jack Hughes.
11:29 of 2nd period - Deflect By Pavel Zacha.
11:29 of 2nd period - Stopped by Juuse Saros without a rebound.
11:30 of 2nd period - Pavel Zacha wins face-off versus Jake Guentzel in Senators zone.
11:37 of 2nd period - Slapshot by Nikita Zadorov.
11:37 of 2nd period - Stopped by Alexandar Georgiev without a rebound.
11:38 of 2nd period - Joel Eriksson Ek wins face-off versus Pavel Zacha in Rangers zone.
12:11 of 2nd period - Snap shot by Jake Guentzel.
12:11 of 2nd period - Stopped by Juuse Saros without a rebound.
12:12 of 2nd period - Evgeny Kuznetsov wins face-off versus Sam Bennett in Senators zone.
12:13 of 2nd period - Wrist shot by Sebastian Aho.
12:13 of 2nd period - Stopped by Juuse Saros with a rebound.
12:19 of 2nd period - Adam Pelech is hit by Sam Bennett and loses puck.
12:26 of 2nd period - Snap shot by Andrew Copp.
12:26 of 2nd period - Shot Blocked by Sebastian Aho.
12:28 of 2nd period - Wrist shot by Sam Bennett.
12:28 of 2nd period - Shot Misses the Net.
13:28 of 2nd period - Morgan Barron is hit by Nikita Zadorov and loses puck.
13:41 of 2nd period - Evgeny Kuznetsov is hit by Andrew Copp and loses puck.
13:50 of 2nd period - Wrist shot by Sam Bennett.
13:50 of 2nd period - Deflect By Nick Holden.
13:50 of 2nd period - Stopped by Alexandar Georgiev without a rebound.
13:51 of 2nd period - Teddy Blueger wins face-off versus Joel Eriksson Ek in Rangers zone.
13:54 of 2nd period - Snap shot by Teddy Blueger.
13:54 of 2nd period - Stopped by Alexandar Georgiev without a rebound.
13:55 of 2nd period - Teddy Blueger wins face-off versus Joel Eriksson Ek in Rangers zone.
13:58 of 2nd period - Slapshot by Anthony Mantha.
13:58 of 2nd period - Stopped by Alexandar Georgiev with a rebound.
14:02 of 2nd period - Snap shot by Teddy Blueger.
14:02 of 2nd period - Shot Misses the Net.
14:04 of 2nd period - Slapshot by John Klingberg.
14:04 of 2nd period - Shot Misses the Net.
14:06 of 2nd period - Snap shot by Teddy Blueger.
14:06 of 2nd period - Stopped by Alexandar Georgiev with a rebound.
14:11 of 2nd period - Minor Penalty to Joel Eriksson Ek for Holding.
14:12 of 2nd period - Pavel Zacha wins face-off versus Christian Dvorak in Rangers zone.
14:28 of 2nd period - Snap shot by Travis Konecny.
14:28 of 2nd period - Stopped by Alexandar Georgiev without a rebound.
14:29 of 2nd period - Pavel Zacha wins face-off versus Christian Dvorak in Rangers zone.
15:29 of 2nd period - Christian Dvorak is hit by Connor Clifton and loses puck.
16:11 of 2nd period - Penalty to Joel Eriksson Ek is over, Joel Eriksson Ek is back on ice.
16:33 of 2nd period - Slapshot by Derek Ryan.
16:33 of 2nd period - Shot Misses the Net.
17:17 of 2nd period - Snap shot by Sebastian Aho.
17:17 of 2nd period - Shot Misses the Net.
17:57 of 2nd period - Slapshot by Kevin Shattenkirk.
17:57 of 2nd period - Shot Misses the Net.
17:59 of 2nd period - Slapshot by Filip Hronek.
17:59 of 2nd period - Shot Blocked by Dakota Joshua.
18:06 of 2nd period - Icing by Dakota Joshua.
18:07 of 2nd period - Christian Dvorak wins face-off versus Pavel Zacha in Senators zone.
18:15 of 2nd period - Minor Penalty to Travis Konecny for Holding.
18:16 of 2nd period - Teddy Blueger wins face-off versus Joel Eriksson Ek in Senators zone.
18:16 of 2nd period - Teddy Blueger is hit by Sebastian Aho.
Goals for this period are 1 for Rangers vs 1 for Senators.
Shots for this period are 13 for Rangers vs 12 for Senators.

3rd period


0:01 of 3rd period - Teddy Blueger wins face-off versus Jake Guentzel in neutral zone.
0:14 of 3rd period - Slapshot by Scott Laughton.
0:14 of 3rd period - Stopped by Alexandar Georgiev without a rebound.
0:15 of 3rd period - Penalty to Travis Konecny is over, Travis Konecny is back on ice.
0:15 of 3rd period - Evgeny Kuznetsov wins face-off versus Sam Bennett in Rangers zone.
0:15 of 3rd period - Sebastian Aho is hit by Pierre Engvall and loses puck.
0:28 of 3rd period - Snap shot by Evgeny Kuznetsov.
0:28 of 3rd period - Shot Misses the Net.
0:30 of 3rd period - Slapshot by Martin Fehervary.
0:30 of 3rd period - Shot Blocked by Nikita Zadorov.
0:32 of 3rd period - Snap shot by Evgeny Kuznetsov.
0:32 of 3rd period - Stopped by Juuse Saros with a rebound.
0:38 of 3rd period - Minor Penalty to Nikita Zadorov for Delaying the game.
0:39 of 3rd period - Joel Eriksson Ek wins face-off versus Teddy Blueger in Senators zone.
0:46 of 3rd period - Slapshot by Sebastian Aho.
0:46 of 3rd period - Stopped by Juuse Saros without a rebound.
0:47 of 3rd period - Teddy Blueger wins face-off versus Sebastian Aho in Senators zone.
0:53 of 3rd period - Icing by Kevin Shattenkirk.
0:54 of 3rd period - Teddy Blueger wins face-off versus Joel Eriksson Ek in Rangers zone.
2:07 of 3rd period - Backhand shot by Joel Eriksson Ek.
2:07 of 3rd period - Shot Misses the Net.
2:09 of 3rd period - Wrist shot by Kevin Shattenkirk.
2:09 of 3rd period - Stopped by Juuse Saros with a rebound.
2:38 of 3rd period - Penalty to Nikita Zadorov is over, Nikita Zadorov is back on ice.
3:21 of 3rd period - Slapshot by Sebastian Aho.
3:21 of 3rd period - Stopped by Juuse Saros with a rebound.
3:23 of 3rd period - Snap shot by Sebastian Aho.
3:23 of 3rd period - Shot Misses the Net.
3:25 of 3rd period - Backhand shot by Kevin Shattenkirk.
3:25 of 3rd period - Shot Blocked by Ethan Bear.
3:35 of 3rd period - Wrist shot by Sebastian Aho.
3:35 of 3rd period - Stopped by Juuse Saros with a rebound.
3:37 of 3rd period - Slapshot by Kevin Shattenkirk.
3:37 of 3rd period - Shot Misses the Net.
3:39 of 3rd period - Slapshot by Kevin Shattenkirk.
3:39 of 3rd period - Deflect By Andrew Copp.
3:39 of 3rd period - Stopped by Juuse Saros without a rebound.
3:40 of 3rd period - Pavel Zacha wins face-off versus Blake Wheeler in Senators zone.
4:17 of 3rd period - Snap shot by Kasperi Kapanen.
4:17 of 3rd period - Stopped by Juuse Saros without a rebound.
4:18 of 3rd period - Teddy Blueger wins face-off versus Morgan Barron in Senators zone.
4:23 of 3rd period - Michael Pezzetta is hit by Teddy Blueger and loses puck.
4:31 of 3rd period - Off-side.
4:32 of 3rd period - Christian Dvorak wins face-off versus Teddy Blueger in neutral zone.
4:45 of 3rd period - Snap shot by Anthony Mantha.
4:45 of 3rd period - Shot Misses the Net.
4:49 of 3rd period - Backhand shot by Anthony Mantha.
4:49 of 3rd period - Stopped by Alexandar Georgiev with a rebound.
6:29 of 3rd period - Snap shot by Andrew Copp.
6:29 of 3rd period - Stopped by Alexandar Georgiev with a rebound.
6:39 of 3rd period - Teddy Blueger is hit by Blake Wheeler and loses puck.
6:50 of 3rd period - Carl Grundstrom is hit by Scott Laughton and loses puck.
6:57 of 3rd period - Snap shot by Travis Konecny.
6:57 of 3rd period - Stopped by Alexandar Georgiev without a rebound.
6:58 of 3rd period - Morgan Barron wins face-off versus Pavel Zacha in Rangers zone.
8:14 of 3rd period - Nikita Zadorov is hit by Sebastian Aho and loses puck.
8:35 of 3rd period - Nick Holden is hit by Craig Smith and loses puck.
9:15 of 3rd period - Snap shot by Teddy Blueger.
9:15 of 3rd period - Shot Misses the Net.
9:17 of 3rd period - Snap shot by Gabriel Landeskog.
9:17 of 3rd period - Stopped by Alexandar Georgiev with a rebound.
9:19 of 3rd period - Wrist shot by Anthony Mantha.
9:19 of 3rd period - Stopped by Alexandar Georgiev without a rebound.
9:20 of 3rd period - Pavel Zacha wins face-off versus Joel Eriksson Ek in Rangers zone.
9:58 of 3rd period - Wrist shot by Sebastian Aho.
9:58 of 3rd period - Shot Misses the Net.
10:16 of 3rd period - Slapshot by Anton Lundell.
10:16 of 3rd period - Shot Misses the Net.
10:18 of 3rd period - Snap shot by Anton Lundell.
10:18 of 3rd period - Shot Misses the Net.
10:53 of 3rd period - Slapshot by Ethan Bear.
10:53 of 3rd period - Shot Blocked by Joel Eriksson Ek.
10:55 of 3rd period - Slapshot by Connor Clifton.
10:55 of 3rd period - Shot Misses the Net.
10:57 of 3rd period - Snap shot by Dakota Joshua.
10:57 of 3rd period - Shot Misses the Net.
10:59 of 3rd period - Wrist shot by Ethan Bear.
10:59 of 3rd period - Shot Blocked by Nick Seeler.
11:01 of 3rd period - Slapshot by Connor Clifton.
11:01 of 3rd period - Deflect By Craig Smith.
11:01 of 3rd period - Shot Blocked by Nick Seeler.
11:01 of 3rd period - Puck is out of play.
11:02 of 3rd period - Evgeny Kuznetsov wins face-off versus Sam Bennett in Rangers zone.
11:15 of 3rd period - Wrist shot by Andrew Copp.
11:15 of 3rd period - Shot Blocked by Evgeny Kuznetsov.
11:17 of 3rd period - Snap shot by Pierre Engvall.
11:17 of 3rd period - Stopped by Alexandar Georgiev without a rebound.
11:18 of 3rd period - Pavel Zacha wins face-off versus Joel Eriksson Ek in Rangers zone.
11:31 of 3rd period - Wrist shot by Jake Guentzel.
11:31 of 3rd period - Stopped by Juuse Saros without a rebound.
11:32 of 3rd period - Evgeny Kuznetsov wins face-off versus Pavel Zacha in Senators zone.
11:39 of 3rd period - Slapshot by Sebastian Aho.
11:39 of 3rd period - Shot Blocked by Pavel Zacha.
12:09 of 3rd period - Slapshot by Jake Guentzel.
12:09 of 3rd period - Stopped by Juuse Saros without a rebound.
12:10 of 3rd period - Joel Eriksson Ek wins face-off versus Sam Bennett in Senators zone.
12:36 of 3rd period - Nikita Zadorov is hit by Adam Pelech and loses puck.
13:57 of 3rd period - Wrist shot by Sam Bennett.
13:57 of 3rd period - Stopped by Alexandar Georgiev without a rebound.
13:58 of 3rd period - Evgeny Kuznetsov wins face-off versus Pavel Zacha in Rangers zone.
14:25 of 3rd period - Connor Clifton is hit by Nick Seeler.
14:36 of 3rd period - Icing by Jack Hughes.
14:37 of 3rd period - Joel Eriksson Ek wins face-off versus Travis Konecny in Rangers zone.
14:37 of 3rd period - Jake Guentzel is hit by Scott Laughton and loses puck.
14:42 of 3rd period - Snap shot by Travis Konecny.
14:42 of 3rd period - Shot Blocked by Nick Seeler.
14:44 of 3rd period - Snap shot by Travis Konecny.
14:44 of 3rd period - Goal by Travis Konecny - Rangers : 2 - Senators : 2.
14:45 of 3rd period - Pavel Zacha wins face-off versus Evgeny Kuznetsov in neutral zone.
15:36 of 3rd period - Off-side.
15:37 of 3rd period - Sam Bennett wins face-off versus Christian Dvorak in neutral zone.
15:40 of 3rd period - Wrist shot by Andrew Copp.
15:40 of 3rd period - Shot Misses the Net.
15:50 of 3rd period - Slapshot by Blake Wheeler.
15:50 of 3rd period - Shot Blocked by John Klingberg.
15:58 of 3rd period - Wrist shot by Anton Lundell.
15:58 of 3rd period - Deflect By Christian Dvorak.
15:58 of 3rd period - Shot Misses the Net.
15:58 of 3rd period - Puck is out of play.
15:59 of 3rd period - Joel Eriksson Ek wins face-off versus Teddy Blueger in Senators zone.
16:03 of 3rd period - Gabriel Landeskog beats up Jack Hughes.
16:03 of 3rd period - Penalty to Gabriel Landeskog for Fighting.
16:03 of 3rd period - Penalty to Jack Hughes for Fighting.
16:04 of 3rd period - Joel Eriksson Ek wins face-off versus Teddy Blueger in Senators zone.
17:30 of 3rd period - Wrist shot by Evgeny Kuznetsov.
17:30 of 3rd period - Shot Blocked by Pavel Zacha.
17:45 of 3rd period - Snap shot by Anthony Mantha.
17:45 of 3rd period - Shot Misses the Net.
17:47 of 3rd period - Wrist shot by Tyler Wotherspoon.
17:47 of 3rd period - Stopped by Alexandar Georgiev without a rebound.
17:48 of 3rd period - Christian Dvorak wins face-off versus Pierre Engvall in Rangers zone.
18:27 of 3rd period - Slapshot by Travis Konecny.
18:27 of 3rd period - Shot Misses the Net.
18:29 of 3rd period - Slapshot by John Klingberg.
18:29 of 3rd period - Shot Misses the Net.
19:00 of 3rd period - Wrist shot by Scott Laughton.
19:00 of 3rd period - Stopped by Alexandar Georgiev with a rebound.
19:02 of 3rd period - Wrist shot by Travis Konecny.
19:02 of 3rd period - Shot Misses the Net.
19:07 of 3rd period - Off-side.
19:08 of 3rd period - Teddy Blueger wins face-off versus Carl Grundstrom in neutral zone.
19:45 of 3rd period - Snap shot by Craig Smith.
19:45 of 3rd period - Stopped by Alexandar Georgiev without a rebound.
19:46 of 3rd period - Craig Smith wins face-off versus Joel Eriksson Ek in Rangers zone.
19:50 of 3rd period - Icing by Martin Fehervary.
19:51 of 3rd period - Joel Eriksson Ek wins face-off versus Pavel Zacha in Rangers zone.
19:51 of 3rd period - Joel Eriksson Ek is hit by Travis Konecny.
Goals for this period are 0 for Rangers vs 1 for Senators.
Shots for this period are 9 for Rangers vs 12 for Senators.

Overtime #1


0:01 of 1st overtime period - Dakota Joshua wins face-off versus Christian Dvorak in neutral zone.
0:10 of 1st overtime period - Slapshot by Ethan Bear.
0:10 of 1st overtime period - Shot Blocked by Adam Pelech.
0:42 of 1st overtime period - Carl Grundstrom is hit by Scott Laughton and loses puck.
0:49 of 1st overtime period - Scott Laughton is hit by Adam Pelech and loses puck.
1:03 of 1st overtime period - Penalty to Gabriel Landeskog is over, Gabriel Landeskog is back on ice.
1:03 of 1st overtime period - Penalty to Jack Hughes is over, Jack Hughes is back on ice.
1:50 of 1st overtime period - Snap shot by Sebastian Aho.
1:50 of 1st overtime period - Goal by Sebastian Aho - Rangers : 3 - Senators : 2.
Goals for this period are 1 for Rangers vs 0 for Senators.
Shots for this period are 1 for Rangers vs 0 for Senators.